 Dungeon Crawl Stone Soup version 0.28-a0-779-g3d1f99b579 (webtiles) character file.

Game seed: 17663105434023157801

116 kae the Chopper (level 5, -2/47 HPs)
             Began as a Hill Orc Cinder Acolyte on Nov 2, 2021.
             Was a High Priest of Ignis.
             Killed from afar by an orc wizard (9 damage)
             ... with a magic dart
             ... on level 3 of the Dungeon.
             The game lasted 00:01:21 (3374 turns).

kae the Chopper (Hill Orc Cinder Acolyte)           Turns: 3374, Time: 00:01:21

Health: -2/47      AC:  3    Str: 18    XL:     5   Next: 1%
Magic:  1/7        EV: 11    Int: 14    God:    Ignis [*****.]
Gold:   109        SH:  0    Dex:  6    Spells: 5/7 levels left

rFire   + . .      SeeInvis .   a - -1 hand axe (flame)
rCold   . . .      Faith    .   (no shield)
rNeg    . . .      Spirit   .   b - +0 robe
rPois   .          Reflect  .   (no helmet)
rElec   .          Harm     .   (no cloak)
rCorr   .          Rampage  .   d - +0 pair of gloves
Will    .....                   (no boots)
Stlth   +.........              (no amulet)
HPRegen 0.15/turn               (no ring)
MPRegen 0.10/turn               (no ring)

@: no status effects
A: no striking features
a: Renounce Religion, Sea of Fire, Foxfire Swarm, Rising Flame


You were on level 3 of the Dungeon.
You worshipped Ignis.
Ignis was extremely pleased with you.
You visited 1 branch of the dungeon, and saw 3 of its levels.

You collected 109 gold pieces.

Inventory:

Hand Weapons
 a - a -1 hand axe of flaming (weapon)
Armour
 b - a +0 robe (worn)
 d - a +0 pair of gloves (worn)
Potions
 c - 2 potions of flight


   Skills:
 + Level 4.4 Fighting
 * Level 5.5 Axes
 + Level 1.7 Spellcasting
 + Level 3.9 Fire Magic


You had 5 spell levels left.
You knew the following spells:

 Your Spells              Type           Power      Damage    Failure   Level
a - Scorch                Fire           24%        2d6       8%          2

Your spell library contained the following spells:

 Spells                   Type           Power      Damage    Failure   Level


Dungeon Overview and Level Annotations

Branches:
Dungeon (3/15)

Altars:

Portals:
Sewer: D:3


Message History

You hear the quick rusting of a drain.
The orc wizard hits you with a +0 mace.
The giant cockroach bites you but does no damage.
The rat splashes around in the water.
The orc hits you with a +0 dagger. The orc wizard closely misses you.
The giant cockroach barely misses you.
The rat splashes around in the water.
The orc hits you but does no damage.
Casting: Scorch (safe; 8% risk of failure)
Confirm with . or Enter, or press ? or * to list all spells.
Flames lash the giant cockroach.
You kill the giant cockroach!
The orc wizard hits you with a +0 mace. The rat closely misses you.
The orc barely misses you. The orc wizard hits you with a +0 mace.
The orc splashes around in the water.
The rat splashes around in the water.
Casting: Scorch (safe; 8% risk of failure)
Confirm with . or Enter, or press ? or * to list all spells.
You don't have enough magic to cast this spell.
Okay, then.
You aren't carrying any scrolls.
You aren't carrying any items that you can evoke.
Okay, then.
You barely miss the orc wizard. You hit the orc. You burn the orc.
The orc wizard casts a spell at you. The puff of flame hits you! You resist.
* * * LOW HITPOINT WARNING * * *
You hit the orc wizard. You burn the orc wizard.
The orc wizard is heavily wounded.
You hit the orc. You burn the orc.
You kill the orc!
You hear a splash.
The orc wizard splashes around in the water.
You have reached level 5!
You feel stronger.
You hit the orc wizard. You burn the orc wizard.
The orc wizard is almost dead.
You hit the rat. You burn the rat.
You kill the rat!
The orc wizard casts a spell at you. The magic dart hits you!
You die...

.................#
........##........#
..#≈..#..#........#
..≈≈≈≈≈...........#
#≈≈≈≈≈≈≈#.........#
.≈≈≈≈≈≈≈..........#
.≈≈≈∩≈≈†.......#
$≈≈≈≈≈≈o@......#
#≈≈≈≈≈≈)#.#.####
?.≈≈≈≈≈.).#.#
..#≈.≈#..##.#
#.......###.#
####.#### #.# #.
#.# #.######.###
..........#


You could see an orc wizard.

Vanquished Creatures
  A hound (D:2)
  3 adders (D:2)
  2 worms
  3 dart slugs
  2 orcs (D:3)
  4 bats
  3 endoplasms
  3 giant cockroaches
  3 goblins
  5 hobgoblins
  A jackal (D:2)
  A quokka (D:1)
  5 ball pythons
  2 frilled lizards
  2 kobolds
  8 rats
48 creatures vanquished.

Notes
Turn   | Place    | Note
-------+----------+-------------------------------------------
     0 | D:1      | kae the Hill Orc Cinder Acolyte began the quest for the
                  | Orb.
     0 | D:1      | Reached XP level 1. HP: 19/19 MP: 2/2
     6 | D:1      | Noticed an anaconda
     6 | D:1      | Noticed a killer bee
     6 | D:1      | Noticed an iguana
     7 | D:1      | Noticed a black bear
     7 | D:1      | Noticed a wyvern
   430 | D:1      | Reached XP level 2. HP: 24/27 MP: 3/3
   624 | D:1      | Learned a level 2 spell: Scorch
  1288 | D:2      | Reached XP level 3. HP: 28/33 MP: 3/5
  1364 | D:2      | Reached skill level 5 in Axes
  1895 | D:2      | Reached XP level 4. HP: 40/40 MP: 6/6
  2838 | D:2      | Found a faded altar of an unknown god.
  3357 | D:3      | Found a glowing drain.
  3374 | D:3      | Reached XP level 5. HP: 7/47 MP: 0/7
  3374 | D:3      | Killed from afar by an orc wizard

Illustrated notes

Levels and vault maps discovered:
D:1:      onia_arrival_zoo_common, layout_basic
D:2:      minmay_door_path, layout_basic, basic_ecumenical_altar,
          minmay_tromino_v4_b
D:3:      layout_basic, cheibrodos_sewer_entry_drain, grunt_decor_resistance

Skill      XL: |  1  2  3 |
---------------+----------+-----
Fighting       | 4 |  4.4
Axes           | 5 |  5.5
Spellcasting   | |  1.7
Fire Magic     | |  3.9

Action                   |  1- 3 |  4- 6 || total
-------------------------+-------+-------++-------
Melee: Hand axe          |    85 |    45 ||   130
 Cast: Scorch            |       |    16 ||    16
  Use: Scroll            |       |     3 ||     3
       Potion            |       |     2 ||     2
Armor: Robe              |    30 |    14 ||    44
Dodge: Dodged            |    52 |    37 ||    89

Table legend: (Time is in decaauts)
 A = Elapsed time spent in this place.
 B = Non-inter-level travel time spent in this place.
 C = Inter-level travel time spent in this place.
 D = Time resting spent in this place.
 E = Time spent auto-exploring this place.
 F = Levels seen in this place.
 G = Mean time per level.
                   A        B        C        D        E       F      G
               +--------+--------+--------+--------+--------+-----+--------+
         Total |   3381 |   3308 |     73 |      0 |   2971 |   3 | 1127.0 |
       Dungeon |   3381 |   3308 |     73 |      0 |   2971 |   3 | 1127.0 |
               +--------+--------+--------+--------+--------+-----+--------+

Top non-repeatable levels by time:
     D:2: 1724 daAuts
     D:1: 1247 daAuts
     D:3: 410 daAuts
